 Dungeon Crawl Stone Soup version 0.29.1-1-gd02db6906a (webtiles) character file.

Game seed: 1549440008189271300

340 ImASeal the Shield-Bearer (level 6, 0/59 HPs)
             Began as a Troll Fighter on Oct 5, 2022.
             Slain by Grinder (1 damage)
             ... on level 5 of the Dungeon.
             The game lasted 00:08:44 (3350 turns).

ImASeal the Shield-Bearer (Troll Fighter)           Turns: 3350, Time: 00:08:45

Health: 0/59       AC:  5    Str: 27    XL:     6   Next: 30%
Magic:  2/6        EV:  9    Int:  4    God:
Gold:   232        SH: 12    Dex:  9    Spells: 6/7 levels left

rFire   x . .      SeeInvis .   a - +0 war axe
rCold   + . .      Faith    .   c - +0 kite shield
rNeg    . . .      Spirit   .   b - +0 robe
rPois   .          Reflect  +   k - +1 hat
rElec   .          Harm     .   (no cloak)
rCorr   .          Rampage  .   (gloves unavailable)
Will    .....                   (boots unavailable)
Stlth   +.........              i - amulet of reflection
HPRegen 0.99/turn               r - ring of ice
MPRegen 0.10/turn               (no ring)

@: mighty, very slightly contaminated
A: large, unfitting armour, claws 3, regeneration 1, shaggy fur 1, tough skin 1
a: no special abilities


You were on level 5 of the Dungeon.
You visited 1 branch of the dungeon, and saw 5 of its levels.

You collected 232 gold pieces.

Inventory:

Hand Weapons
 a - a +0 war axe (weapon)
Missiles
 h - 2 boomerangs
 l - 33 stones (quivered)
 p - 4 large rocks
 s - 23 poisoned darts
Armour
 b - a +0 robe (worn)
 c - a +0 kite shield (worn)
 k - a +1 hat (worn)
Jewellery
 i - an amulet of reflection (around neck)
 r - a ring of ice (left claw)
 B - a ring of magical power
Scrolls
 g - 2 scrolls of poison {unknown}
 j - a scroll of magic mapping {unknown}
 m - 2 scrolls of enchant armour {unknown}
 o - 2 scrolls of enchant weapon {unknown}
 t - a scroll of noise {unknown}
 w - 2 scrolls of teleportation {unknown}
 y - 2 scrolls of blinking {unknown}
 C - a scroll of identify {unknown}
Potions
 e - a potion of degeneration {unknown}
 f - 4 potions of lignification {unknown}
 n - a potion of attraction {unknown}
 q - a potion of berserk rage {unknown}
 u - a potion of experience {unknown}
 v - a potion of curing {unknown}
 x - 3 potions of brilliance {unknown}
 z - a potion of heal wounds {unknown}
 A - a potion of cancellation {unknown}


   Skills:
 * Level 2.9 Fighting
 + Level 3.1 Axes
 + Level 0.1 Throwing
 + Level 3.2 Dodging
 + Level 3.9 Shields
 + Level 1.0 Spellcasting
 + Level 1.0 Conjurations
 + Level 0.9 Fire Magic


You had 6 spell levels left.
You knew the following spells:

 Your Spells              Type           Power      Damage    Failure   Level
a - Foxfire               Conj/Fire      0%         2x1d4     63%         1

Your spell library contained the following spells:

 Spells                   Type           Power      Damage    Failure   Level
 Necrotise                Necr           0%         1d4       75%         1
 Blink                    Tloc           0%         N/A       87%         2
 Ensorcelled Hibernation  Hex/Ice        0%         N/A       87%         2
 Passwall                 Tmut/Erth      0%         N/A       87%         2
 Conjure Flame            Conj/Fire      0%         6-21      94%         3
 Dazzling Flash           Conj/Hex       0%         N/A       96%         3
 Inner Flame              Hex/Fire       0%         N/A       96%         3
 Call Canine Familiar     Summ           0%         N/A       98%         3
 Portal Projectile        Hex/Tloc       0%         N/A       98%         3
 Spider Form              Tmut/Pois      0%         N/A       98%         3
 Swiftness                Air            0%         N/A       98%         3
 Vampiric Draining        Necr           0%         2d6       98%         3
 Anguish                  Hex/Necr       0%         N/A       100%        4
 Flame Wave               Conj/Fire      0%         2d4       100%        4
 Iskenderun's Mystic Bla  Conj/Tloc      0%         2d3       100%        4
 Leda's Liquefaction      Hex/Erth       0%         N/A       100%        4
 Agony                    Necr           0%         N/A       100%        5
 Manifold Assault         Tloc           0%         N/A       100%        5
 Starburst                Conj/Fire      0%         6d3       100%        6
 Storm Form               Tmut/Air       0%         N/A       100%        7


Dungeon Overview and Level Annotations

Branches:
Dungeon (5/15)
 Temple: D:4-7

Altars:

Annotations:
D:4 Edmund
D:5 Grinder


Innate Abilities, Weirdness & Mutations

You are too large for most types of armour.
You have claws for hands.
Your natural rate of healing is unusually fast.
You are covered in fur. (AC +1)
You have tough skin. (AC +1)


Message History

You resist with significant effort.
You closely miss Grinder.
Grinder is moderately wounded.
Grinder gestures at you. Pain shoots through your body!
You are too injured to fight recklessly!
You are too injured to fight recklessly!
You are too injured to fight recklessly!
You are too injured to fight recklessly!
You feel very mighty all of a sudden. Grinder gestures at you.
You resist with significant effort.
You closely miss Grinder.
Grinder is moderately wounded.
Grinder barely misses you. Grinder gestures at you.
Pain shoots through your body!
You barely miss Grinder.
Grinder is moderately wounded.
Grinder gestures at you.
You suddenly lose the ability to move!
Grinder hits you but does no damage. Grinder hits you!
You writhe in agony.
* * * LOW HITPOINT WARNING * * *
Grinder says, "DUCK!"
Grinder hits you.
* * * LOW HITPOINT WARNING * * *
You writhe in agony.
* * * LOW HITPOINT WARNING * * *
You can move again.
You barely miss Grinder.
Grinder is moderately wounded.
Grinder hits you!
* * * LOW HITPOINT WARNING * * *
You writhe in agony.
* * * LOW HITPOINT WARNING * * *
Grinder hits you.
* * * LOW HITPOINT WARNING * * *
You writhe in agony.
You die...

#.....#
#.....###
#.......#
#####...####
#......#
#......######
#............
####.........
#...@5......
#...........
#..$##......
#.... ......
##.###..?...
#. ##.## #.
.# #. # #.


You could see Grinder.

Vanquished Creatures
  A black bear (D:4)
  A necrophage (D:4)
  An iguana (D:5)
  An orc wizard (D:4)
  7 adders
  An ufetubus (D:5)
  2 worms (D:3)
  4 orcs (D:4)
  8 ball pythons
  3 endoplasms
  A giant cockroach (D:2)
  5 goblins
  5 hobgoblins
  4 jackals (D:1)
  2 quokkas (D:1)
  6 bats
  3 frilled lizards
  5 kobolds
  6 rats
66 creatures vanquished.

Vanquished Creatures (others)
  A kobold (D:3)
  27 foxfires
28 creatures vanquished.

Grand Total: 94 creatures vanquished

Notes
Turn   | Place    | Note
-------+----------+-------------------------------------------
     0 | D:1      | ImASeal the Troll Fighter began the quest for the Orb.
     0 | D:1      | Reached XP level 1. HP: 22/22 MP: 0/0
    50 | D:1      | Found a faded altar of an unknown god.
    59 | D:1      | HP: 1/22 [kobold/+0 whip (4)]
   175 | D:1      | Reached XP level 2. HP: 29/29 MP: 1/1
   619 | D:2      | Reached XP level 3. HP: 36/36 MP: 2/2
   808 | D:2      | Learned a level 1 spell: Foxfire
  1308 | D:3      | Reached XP level 4. HP: 39/44 MP: 1/3
  2016 | D:4      | Noticed a black bear
  2036 | D:4      | Killed a black bear
  2037 | D:4      | Reached XP level 5. HP: 32/50 MP: 4/4
  2640 | D:4      | Noticed Edmund
  2847 | D:4      | Reached XP level 6. HP: 26/58 MP: 3/6
  3157 | D:5      | Entered Level 5 of the Dungeon
  3293 | D:5      | Reached skill level 1 in Spellcasting
  3293 | D:5      | Reached skill level 1 in Conjurations
  3330 | D:5      | Noticed Grinder
  3346 | D:5      | Paralysed by Grinder for 4 turns
  3350 | D:5      | HP: 2/59 [Grinder (2)]
  3350 | D:5      | Slain by Grinder

Illustrated notes

Levels and vault maps discovered:
D:1:      minmay_arrival_cross, layout_rooms, dreamdust_ecumenical_altar_statues
D:2:      layout_basic
D:3:      layout_basic
D:4:      layout_loops_corners, serial_shops, shop, uniq_edmund
D:5:      layout_basic, nicolae_ru_awakened_eye, uniq_grinder

Skill      XL: |  1  2  3  4  5  6 |
---------------+-------------------+-----
Shields        | 3 |  3.9
Axes           | 2 3 |  3.1
Dodging        | 3 |  3.2
Spellcasting   | 1 |  1.0
Conjurations   | 1 |  1.0
Fighting       | |  2.9
Throwing       | |  0.1
Fire Magic     | |  0.9

Action                   |  1- 3 |  4- 6 || total
-------------------------+-------+-------++-------
Melee: War axe           |   105 |   128 ||   233
Throw: Stone             |     3 |     2 ||     5
 Cast: Foxfire           |     1 |    18 ||    19
  Use: Potion            |       |     1 ||     1
Armor: Robe              |    53 |    42 ||    95
Dodge: Dodged            |    49 |    53 ||   102
Block: Kite shield       |    81 |    92 ||   173
       Reflection        |       |     2 ||     2
